 Dungeon Crawl Stone Soup version 0.31-a0-237-g2d982f9f85 (webtiles) character file.

Game seed: 12211795888960169039

1906 Ijustatesigmund the Stinger (level 9, 0/57 HPs)
             Began as an Octopode Venom Mage on July 11, 2023.
             Was an Initiate of Vehumet.
             Killed from afar by a white imp (9 damage)
             ... with a puff of frost
             ... on level 7 of the Dungeon.
             The game lasted 00:14:15 (8207 turns).

Ijustatesigmund the Stinger (Octopode Venom Mage)   Turns: 8207, Time: 00:14:15

Health: 0/57       AC:  1    Str:  7    XL:     9   Next: 16%
Magic:  14/17      EV: 13    Int: 22    God:    Vehumet [......]
Gold:   305        SH:  5    Dex: 12    Spells: 8/18 levels left

rFire   . . .        l - +4 short sword (flame)
rCold   . . .        (no shield)
rNeg    . . .        (helmet restricted)
rPois   .            r - amulet of reflection
rElec   .            d - ring of see invisible
rCorr   .            (no ring)
SInv    +            (no ring)
Will    .....        (no ring)
Stlth   +++          (no ring)
HPRegen 0.29/turn    (no ring)
MPRegen 0.15/turn    (no ring)
                     (no ring)

%: reflection
@: brilliant
A: almost no armour, amphibious, 8 rings, camouflage 1, gelatinous body 1,
(nimble swimmer 1), tentacles
a: Renounce Religion


You were on level 7 of the Dungeon.
You worshipped Vehumet.
Vehumet was noncommittal.
You visited 2 branches of the dungeon, and saw 8 of its levels.

You collected 389 gold pieces.
You spent 84 gold pieces at shops.

Inventory:

Hand Weapons
 c - a +3 short sword
 k - a +2 short sword of speed
 l - a +4 short sword of flaming (weapon)
Missiles
 u - 2 curare-tipped darts (quivered)
Magical Staves
 g - a staff of fire
Jewellery
 d - a ring of see invisible (left tentacle)
 r - an amulet of reflection (around mantle)
Wands
 w - a wand of iceblast (4)
 x - a wand of flame (21)
Scrolls
 p - a scroll of enchant armour
 q - a scroll of poison
 s - 3 scrolls of teleportation
Potions
 a - a potion of magic
 b - a potion of resistance
 e - a potion of cancellation
 h - a potion of haste
 i - 2 potions of enlightenment
 j - a potion of ambrosia
 m - 2 potions of mutation
 n - a potion of might
 o - a potion of lignification {unknown}
 t - a potion of heal wounds {unknown}
 v - a potion of brilliance


   Skills:
 - Level 3.3 Fighting
 + Level 1.2 Short Blades
 - Level 2.0 Dodging
 - Level 2.6 Stealth
 + Level 5.4 Spellcasting
 + Level 5.1 Conjurations
 - Level 1.0 Transmutations
 + Level 5.1 Air Magic
 + Level 7.6 Poison Magic


You had 8 spell levels left.
You knew the following spells:

 Your Spells              Type           Power      Damage    Failure   Level
a - Sting                 Tmut/Pois      100%       1d8       1%          1
b - Poisonous Vapours     Pois/Air       100%       N/A       1%          2
c - Mephitic Cloud        Conj/Pois/Air  48%        N/A       2%          3
d - Olgreb's Toxic Radia  Pois           56%        N/A       4%          4

Your spell library contained the following spells:

 Spells                   Type           Power      Damage    Failure   Level


Dungeon Overview and Level Annotations

Branches:
Dungeon (7/15)             Temple (1/1) D:4

Altars:
Ashenzari
Dithmenos
Elyvilon
Hepliaklqana
Kikubaaqudgha
Makhleb
Nemelex Xobeh
Okawaru
Qazlal
Ru
Sif Muna
Trog
Uskayaw
Vehumet
Xom
Yredelemnul
The Shining One

Shops:
D:1 =   D:2 :   D:6 ?


Innate Abilities, Weirdness & Mutations

You cannot wear most types of armour.
You are amphibious.
You can wear up to eight rings at the same time.
Your skin changes colour to match your surroundings (Stealth+).
Your rubbery body absorbs attacks. (AC +1, EV +1)
((You are camouflaged when in or above water. (Stealth+)))
You have tentacles for arms and can constrict up to eight enemies at once.


Message History

The centaur completely misses you. The centaur closely misses you.
The white imp misses you. The centaur closely misses you.
The centaur kicks you but does no damage.
Unknown command.
You hit the centaur but do no damage.
The centaur is severely wounded.
The white imp closely misses you. The centaur misses you.
The centaur closely misses you.
You barely miss the centaur. You squeeze the centaur.
You kill the centaur!
Vehumet accepts your kill.
Your toxic aura wanes.
The white imp hits you. The white imp freezes you.
The white imp attacks as you move away! The white imp hits you.
The white imp freezes you.
You see here a +0 tower shield.
You hit the white imp. You burn the white imp. You grab the white imp.
The white imp is heavily wounded.
You constrict the white imp. The white imp gestures at you.
The puff of frost hits you!
* * * LOW HITPOINT WARNING * * *
It was a potion of brilliance.
You feel clever all of a sudden.
You constrict the white imp.
The white imp grins evilly.
The white imp hits you.
* * * LOW HITPOINT WARNING * * *
The white imp freezes you.
* * * LOW HITPOINT WARNING * * *
You feel better.
You constrict the white imp. The white imp gestures at you.
The puff of frost hits you.
* * * LOW HITPOINT WARNING * * *
You hit the white imp but do no damage. Your squeeze misses the white imp.
The white imp is almost dead.
You constrict the white imp, but do no damage.
The white imp gestures at you. The puff of frost hits you!
You die...

+....... #.## #.......
#..## #....... #...#
#....... ... #)......
... #.......
#P#########.......
#.#............... #.
#@#...............
#...#5#...............
#...≈)≈......<...###..
#...≈≈≈..........# #..
#................# ###
#........[.......#
##......$........#
####............#
##############


You could see a white imp.

Vanquished Creatures
  Grinder (D:5)
  A steam dragon (D:6)
  An ice beast (D:6)
  A sky beast (D:6)
  3 black bears
  An ogre (D:5)
  A centaur (D:7)
  A phantom (D:5)
  Blork the orc (D:6)
  4 scorpions
  2 jellies
  A hound (D:5)
  Jessica (D:2)
  5 iguanas
  Terence (D:2)
  A howler monkey skeleton (D:3)
  4 gnolls (D:4)
  12 adders
  2 shadow imps
  A white imp (D:6)
  An ufetubus (D:6)
  An adder skeleton (D:3)
  4 worms
  4 dart slugs
  7 orcs
  4 bats
  9 endoplasms
  4 giant cockroaches
  5 goblins
  10 hobgoblins
  4 jackals (D:1)
  16 kobolds
  4 quokkas
  10 ball pythons
  A ball python skeleton (D:3)
  A ball python zombie (D:3)
  2 frilled lizards (D:1)
  A quokka zombie (D:3)
  9 rats
142 creatures vanquished.

Notes
Turn   | Place    | Note
-------+----------+-------------------------------------------
     0 | D:1      | Ijustatesigmund the Octopode Venom Mage began the quest for
                  | the Orb.
     0 | D:1      | Reached XP level 1. HP: 11/11 MP: 3/3
   129 | D:1      | Reached XP level 2. HP: 13/18 MP: 5/5
   227 | D:2      | Reached skill level 1 in Fighting
   227 | D:2      | Reached skill level 4 in Poison Magic
   269 | D:1      | Learned a level 2 spell: Poisonous Vapours
   273 | D:1      | Reached XP level 3. HP: 23/23 MP: 3/6
   288 | D:1      | Learned a level 3 spell: Mephitic Cloud
   874 | D:1      | Found a faded altar of an unknown god.
   976 | D:1      | Found Luokhl Izitoi's Jewellery Emporium.
  1126 | D:2      | Found a transporter.
  1148 | D:2      | Found Kusch's Book Shoppe.
  1256 | D:2      | Reached skill level 1 in Air Magic
  1256 | D:2      | Reached XP level 4. HP: 17/28 MP: 4/8
  1328 | D:2      | Reached skill level 1 in Conjurations
  1767 | D:2      | Found a bloodstained altar of Trog.
  2002 | D:2      | Noticed Terence
  2007 | D:2      | Killed Terence
  2011 | D:2      | Reached XP level 5. HP: 33/33 MP: 4/9
  2103 | D:2      | Noticed Jessica
  2105 | D:2      | Found a transporter.
  2114 | D:2      | Killed Jessica
  2797 | D:3      | Reached skill level 5 in Poison Magic
  3281 | D:4      | Reached XP level 6. HP: 21/38 MP: 6/11
  3464 | D:4      | You fall into a shaft and drop 2 floors!
  3518 | D:6      | Noticed a black bear
  3526 | D:6      | Killed a black bear
  3532 | D:6      | Learned a level 4 spell: Olgreb's Toxic Radiance
  3695 | D:6      | Reached XP level 7. HP: 39/43 MP: 7/12
  3902 | D:5      | Entered Level 5 of the Dungeon
  3911 | D:5      | Reached skill level 6 in Poison Magic
  4470 | D:4      | Found a staircase to the Ecumenical Temple.
  4510 | Temple   | Entered the Ecumenical Temple
  4969 | Temple   | Became a worshipper of Vehumet
  5086 | D:4      | Found a white marble altar of Elyvilon.
  5520 | D:5      | Reached XP level 8. HP: 38/48 MP: 14/14
  5769 | D:5      | Noticed Grinder
  6588 | D:5      | Killed Grinder
  6589 | D:5      | Reached skill level 5 in Spellcasting
  6589 | D:5      | Reached skill level 7 in Poison Magic
  7046 | D:6      | Noticed Blork the orc
  7056 | D:6      | Killed Blork the orc
  7571 | D:6      | Reached XP level 9. HP: 57/57 MP: 7/16
  7755 | D:6      | Reached skill level 1 in Short Blades
  7755 | D:6      | Reached skill level 5 in Conjurations
  7755 | D:6      | Reached skill level 5 in Air Magic
  7865 | D:6      | Found Fips's Magic Scroll Shoppe.
  7870 | D:6      | Bought a scroll of teleportation for 36 gold pieces
  7870 | D:6      | Bought a scroll of identify for 24 gold pieces
  7870 | D:6      | Bought a scroll of identify for 24 gold pieces
  8207 | D:7      | Killed from afar by a white imp

Illustrated notes

Levels and vault maps discovered:
D:1:      dpeg_arrival_round_b, layout_rooms, nicolae_ecumenical_snake_handling,
          serial_shops, nicolae_shop_just_a_little_nook, minmay_misc_feat_cross
D:2:      layout_loops_ring, basic_altar, serial_shops, nicolae_shop_drivethru,
          minmay_goblin_kobold_house, uniq_jessica, uniq_terence
D:3:      layout_loops_cross, serial_undead, serial_undead_b, serial_undead_f,
          serial_undead_a, serial_undead_d
D:4:      layout_basic, nicolae_elyvilon_peaceful_grove, temple_fountains
D:5:      layout_loops_ring, kennysheep_dice, uniq_grinder
D:6:      black_bear_nest_2, layout_loops_ring, serial_shops,
          nicolae_shop_tiny_real_fake_doors, uniq_blork_the_orc
D:7:      layout_basic, nicolae_gozag_cash_rules_everything_around_me,
          nicolae_overflow_two_pavilions, kb_lookout_dungeons_type
Temple:   nicolae_temple_bog_church

Skill      XL: |  1  2  3  4  5  6  7  8  9 |
---------------+----------------------------+-----
Fighting       | 1 3 |  3.3
Poison Magic   | 4 5 6 7 |  7.6
Air Magic      | 1 2 3 4 5 |  5.1
Conjurations   | 1 2 3 4 5 |  5.1
Spellcasting   | 3 4 5 |  5.4
Short Blades   | 1 |  1.2
Dodging        | |  2.0
Stealth        | |  2.6
Transmutations | |  1.0

Action                     |  1- 3 |  4- 6 |  7- 9 || total
---------------------------+-------+-------+-------++-------
  Melee: Constrict         |    15 |    26 |    24 ||    65
         Unarmed           |     4 |       |       ||     4
         Tentacles         |    11 |    23 |    40 ||    74
         Short sword       |    48 |    86 |   158 ||   292
         Punch             |     1 |     2 |     2 ||     5
  Throw: Dart              |       |       |     3 ||     3
   Cast: Sting             |     1 |     3 |     4 ||     8
         Poisonous Vapours |    28 |    42 |    45 ||   115
         Mephitic Cloud    |       |     3 |     3 ||     6
         Olgreb's Toxic Ra |       |       |     7 ||     7
  Evoke: Wand              |       |       |     4 ||     4
    Use: Scroll            |       |     6 |    10 ||    16
         Potion            |       |       |     4 ||     4
   Stab: Sleeping          |     2 |     5 |     6 ||    13
         Confused          |       |     1 |       ||     1
 Armour: Skin              |     4 |     5 |    11 ||    20
  Dodge: Dodged            |    25 |    43 |    78 ||   146
  Block: Other             |       |       |     3 ||     3

Table legend: (Time is in decaauts)
 A = Elapsed time spent in this place.
 B = Non-inter-level travel time spent in this place.
 C = Inter-level travel time spent in this place.
 D = Time resting spent in this place.
 E = Time spent auto-exploring this place.
 F = Levels seen in this place.
 G = Mean time per level.
                   A        B        C        D        E       F      G
               +--------+--------+--------+--------+--------+-----+--------+
         Total |   8136 |   7967 |    169 |   1936 |   4970 |   8 | 1017.0 |
       Dungeon |   7665 |   7507 |    158 |   1644 |   4836 |   7 | 1095.0 |
        Temple |    470 |    459 |     11 |    292 |    134 |   1 |  470.0 |
               +--------+--------+--------+--------+--------+-----+--------+

Top non-repeatable levels by time:
     D:6: 1731 daAuts
     D:3: 1264 daAuts
     D:5: 1259 daAuts
     D:2: 1248 daAuts
     D:4: 1035 daAuts
     D:1: 934 daAuts
  Temple: 470 daAuts
     D:7: 193 daAuts
